 Dungeon Crawl Stone Soup version 0.20-a0-1036-g4d371cd (webtiles) character file.

71280 Banto the Spear-Bearer (level 14, -13/110 HPs)
             Began as a Demonspawn Gladiator on Apr 22, 2017.
             Was the Champion of Okawaru.
             Mangled by Agnes
             ... wielding a +0 vampiric lajatang
              (28 damage)
             ... on level 13 of the Dungeon.
             The game lasted 00:54:04 (24605 turns).

Banto the Spear-Bearer (Demonspawn Gladiator)      Turns: 24605, Time: 00:54:04

Health: -13/110    AC: 21    Str: 19    XL:     14   Next: 97%
Magic:  19/19      EV: 24    Int: 11    God:    Okawaru [******]
Gold:   2202       SH:  8    Dex: 22    Spells: 13/13 levels left

rFire    . . .     SeeInvis +   a - +1 trident (vamp)
rCold    + . .     Gourm    .   S - +2 buckler {AC+3}
rNeg     + . .     Faith    .   R - +2 robe of Vines {NoPotionHeal Regen+7}
rPois    .         Spirit   .   T - +2 helmet {Int+3}
rElec    +         Reflect  .   W - scarf {repulsion}
rCorr    .         Harm     .   O - +2 pair of gloves of Indemnity {*Drain rElec rN+ MR+ Dex+3}
MR       ++...     Clarity  +   F - +2 pair of boots {Fly}
Stlth    +++.......             c - amulet of regeneration
Regen    3.5/turn               o - ring of see invisible
MPRegen  0.2/turn               x - ring "Liocri" {rC+ Str+5 Int-3 Dex-2 Stlth+}

@: about to teleport, flying, drained, repel missiles
A: hooves 2, slimy green scales 2, agile 1, clarity, demonic guardian 2, powered
by death 2
a: Heroism, Finesse, Renounce Religion, Stop Flying


You were on level 13 of the Dungeon.
You worshipped Okawaru.
Okawaru was exalted by your worship.
You were hungry.

You visited 3 branches of the dungeon, and saw 22 of its levels.
You also visited: Trove, Ossuary and Ice Cave.

You collected 2278 gold pieces.
You spent 76 gold pieces at shops.

Inventory:

Hand Weapons
 a - a +1 vampiric trident (weapon)
Missiles
 d - 2 throwing nets
 g - 13 poisoned javelins (quivered)
Armour
 F - a +2 pair of boots of flying (worn)
 G - a +1 buckler of cold resistance
 H - a +0 cloak of cold resistance
 O - the +2 pair of gloves of Indemnity (worn) {*Drain rElec rN+ MR+ Dex+3}
   (You found it in a treasure trove)

   It affects your dexterity (+3).
   It insulates you from electricity.
   It protects you from negative energy.
   It affects your resistance to hostile enchantments.
   It causes draining when unequipped.
 R - the +2 robe of Vines (worn) {NoPotionHeal Regen+7}
   (You found it in a treasure trove)

   It increases your rate of regeneration.
 S - a +2 buckler of protection (worn)
 T - a +2 helmet of intelligence (worn)
 W - a scarf of repulsion (worn)
Jewellery
 c - an amulet of regeneration (around neck)
 o - a ring of see invisible (left hand)
 x - the ring "Liocri" (right hand) {rC+ Str+5 Int-3 Dex-2 Stlth+}
   (You found it on level 4 of the Dungeon)

   [ring of dexterity]

   It affects your strength (+5).
   It affects your intelligence (-3).
   It affects your dexterity (-2).
   It protects you from cold.
   It makes you more stealthy.
 N - an uncursed ring of positive energy
Wands
 b - a wand of digging (24/24)
 K - a wand of iceblast (8/15)
 Y - a wand of paralysis (8/24)
Scrolls
 l - 11 scrolls of amnesia
 m - 11 scrolls of remove curse
 n - 12 scrolls of teleportation
 q - 8 scrolls of enchant weapon
 s - 5 scrolls of enchant armour
 u - a scroll of fear
 v - 4 scrolls of magic mapping
 E - 3 scrolls of identify
 V - a scroll of blinking
Potions
 e - 3 potions of brilliance
 k - 2 potions of cancellation
 p - 2 potions of berserk rage
 t - a potion of might
 z - 5 potions of heal wounds
 A - 4 potions of agility
 B - 3 potions of mutation
 C - 3 potions of haste
 D - 2 potions of curing
 I - a potion of invisibility
 L - a potion of resistance
 Z - a potion of magic
Books
 r - a book of Alchemy

   Spells                             Type                      Level
   a - Sublimation of Blood           Necromancy                   2
   b - Ignite Poison                  Fire/Transmutation/Poison    3
   c - Petrify                        Transmutation/Earth          4
   d - Alistair's Intoxication        Transmutation/Poison         5
   e - Irradiate                      Conjuration/Transmutation    5
Miscellaneous
 P - 2 sacks of spiders
 U - a lamp of fire (inert)
Comestibles
 f - 10 bread rations
 h - 24 fruits
 j - 3 meat rations
 w - 21 royal jellies


   Skills:
 - Level 10.0(9.9) Fighting
 - Level 14.1(14.0) Polearms
 - Level 7.0(6.9) Throwing
 - Level 10.0(9.9) Armour
 + Level 12.4(12.3) Dodging
 - Level 4.1(4.0) Shields
 - Level 7.0 Invocations


You had 13 spell levels left.
You didn't know any spells.

Dungeon Overview and Level Annotations

Branches:
Dungeon (14/15)            Temple (0/1) D:7            Lair (6/6) D:9
 Shoals (0/4) Lair:2       Spider (0/4) Lair:2        Slime (0/5) Lair:5
    Orc (2/2) D:10            Elf (0/3) Orc:2        Vaults (0/5) D:13

Altars:
Ashenzari
Fedhas
Gozag
Hepliaklqana
Makhleb
Nemelex Xobeh
Okawaru
Qazlal
Sif Muna
Trog
Xom
Yredelemnul
The Shining One

Shops:
D:4 (   Orc:2 =%*(

Annotations:
D:13 Agnes
Lair:1 exclusion: 2 oklob plants


Innate Abilities, Weirdness & Mutations

You have hoof-like feet.
You are mostly covered in slimy green scales. (AC +3)
A demonic guardian rushes to your aid.
You regenerate health from kills.
You are agile. (Dex +2)
You possess an exceptional clarity of mind.


Message History

Press: ? - help, Dir - move target cursor, f/p - Agnes
Aim: Agnes, wielding a vampiric lajatang and wearing a robe (severely wounded)
You hit Agnes.
You feel better.
Agnes is severely wounded.
Agnes hits you with a vampiric lajatang!!
* * * LOW HITPOINT WARNING * * *
Agnes draws strength from your wounds!
You take 29 damage, and have 25/110 hp.
MASSIVE DAMAGE!!
As you read the scroll of teleportation, it crumbles to dust.
You feel strangely unstable. You block Agnes's attack.
Agnes hits you with a vampiric lajatang!
* * * LOW HITPOINT WARNING * * *
You take 12 damage, and have 13/110 hp.
Attack whom?
Press: ? - help, Dir - move target cursor, f/p - Agnes
Aim: Agnes, wielding a vampiric lajatang and wearing a robe (severely wounded)
You hit Agnes but do no damage.
Agnes is severely wounded.
Agnes hits you with a vampiric lajatang!!
You die...

#..##..#.###..._..#
#..#.....###......#
#....#.......(.[..#
##.#^..#.#####.).##
#.##.###.(..(....#
#.###.#.########.#
#.# ##.## #<# #i#
#.# #.# #@####.#
#.# #......# #..
######## ###


You could see Agnes.

Vanquished Creatures
  An orc warlord (D:10)
  An ettin (Orc:2)
  A vault guard (D:13)
  A rakshasa (D:13)
  A death knight (D:13)
  A hydra (Lair:6)
  A two-headed ogre (D:12)
  2 death yaks (Lair:5)
  An orc high priest (Orc:2)
  3 skeletal warriors (D:13)
  2 unseen horrors
  Pikel (D:4)
  2 orc knights (Orc:2)
  A necromancer (IceCv)
  A deep elf mage (Orc:2)
  An ugly thing (D:13)
  2 cyclopes (D:13)
  5 orc sorcerers
  2 elephants (Lair:5)
  A merfolk siren (Lair:2)
  5 black mambas
  An ice statue (IceCv)
  A centaur skeleton (D:12)
  19 spiny frogs
  3 rime drakes
  A kobold demonologist (D:13)
  4 komodo dragons
  A yaktaur (D:13)
  7 freezing wraiths (IceCv)
  4 trolls
  A wolf spider simulacrum (IceCv)
  Grinder (D:4)
  4 tyrant leeches (Lair:6)
  5 dream sheep (Lair:6)
  15 blink frogs
  8 hippogriffs
  Sigmund (D:2)
  A shadow (D:11)
  17 yaks
  4 wyverns
  A yak (shapeshifter) (D:11)
  2 hungry ghosts
  4 basilisks
  6 vampire mosquitoes
  3 death yak simulacra (IceCv)
  Grum (D:9)
  2 acid dragons
  A soldier ant (D:12)
  A warg (D:10)
  14 water moccasins
  5 porcupines
  20 orc warriors
  9 ice beasts
  2 black bears
  4 sky beasts
  2 slaves (D:4)
  2 phantoms
  A necrophage (D:11)
  22 wolves
  2 eyes of draining (shapeshifter)
  An eye of draining (D:9)
  12 ogres
  5 centaurs
  5 big kobolds
  8 crocodiles
  23 bullfrogs
  A gnoll sergeant (D:6)
  A water moccasin zombie (D:8)
  3 scorpions
  21 killer bees (Orc:1)
  10 wights
  3 howler monkeys (D:9)
  2 electric eels
  6 crimson imps
  3 draconian simulacra (IceCv)
  2 quasits
  3 jellies
  2 centaur zombies
  5 hounds
  22 orc priests
  A bullfrog skeleton (D:12)
  4 gnoll shamans (D:6)
  15 orc wizards
  4 iguanas
  6 hell rats (Lair:6)
  2 spriggan simulacra (IceCv)
  13 worker ants
  3 troll simulacra (IceCv)
  3 centaur simulacra (IceCv)
  3 big kobold zombies (Ossuary)
  A hound zombie (D:8)
  2 mummies (Ossuary)
  A worker ant zombie (D:6)
  13 gnolls
  10 adders
  2 naga simulacra (IceCv)
  3 ogre simulacra (IceCv)
  3 shadow imps
  8 white imps (IceCv)
  An ooze (D:1)
  3 adder zombies (Ossuary)
  3 worms
  A dart slug (D:2)
  4 leopard geckos
  55 orcs
  2 ball pythons
  10 giant cockroaches
  13 goblins
  10 hobgoblins
  2 jackals (D:2)
  2 quokkas
  8 bats
  5 frilled lizards
  10 hobgoblin zombies (Ossuary)
  2 jackal zombies (Ossuary)
  34 kobolds
  11 kobold zombies (Ossuary)
  5 orc zombies (Ossuary)
  9 rats
  3 rat zombies
  A plant (Lair:6)
667 creatures vanquished.

Vanquished Creatures (collateral kills)
  A vault guard (D:10)
  3 two-headed ogres
  A death knight (D:11)
  2 orc high priests (Orc:2)
  4 death yaks (Lair:5)
  2 skeletal warriors (D:13)
  The ghost of dricus the Covert, a novice SpEn of Gozag (D:10)
  3 orc knights (Orc:2)
  An oklob plant (Lair:4)
  An orc sorcerer (Orc:2)
  3 ugly things
  2 elephants
  2 black mambas (Lair:3)
  A gargoyle (D:11)
  A torpor snail (Lair:5)
  A komodo dragon (Lair:6)
  6 spiny frogs (Lair:6)
  2 kobold demonologists (D:12)
  3 freezing wraiths (IceCv)
  2 trolls
  A queen bee (Orc:1)
  12 blink frogs
  3 dream sheep
  A hippogriff (Lair:5)
  A spriggan (D:8)
  18 yaks
  2 basilisks
  A steam dragon (D:9)
  A vampire mosquito (Lair:6)
  2 wargs
  4 orc warriors
  An ice beast (D:11)
  A slave (D:4)
  2 water moccasins
  A phantom (D:9)
  An ogre (D:6)
  4 wolves
  A big kobold (D:6)
  Blork the orc (D:5)
  A gnoll sergeant (D:6)
  6 bullfrogs
  3 scorpions
  3 killer bees (Orc:1)
  An electric eel (Lair:6)
  2 bullfrog zombies (D:11)
  2 hounds
  A draconian simulacrum (IceCv)
  3 orc priests
  A centaur skeleton (D:9)
  4 orc wizards (Orc:2)
  3 hell rats (Lair:6)
  A worker ant (D:11)
  A spriggan simulacrum (IceCv)
  A centaur simulacrum (IceCv)
  A hound skeleton (D:9)
  2 gnolls (D:6)
  An adder (D:11)
  A naga simulacrum (IceCv)
  4 white imps (IceCv)
  10 orcs
  A hobgoblin (D:6)
  4 kobolds
  A kobold zombie (Ossuary)
  2 plants
160 creatures vanquished.

Vanquished Creatures (others)
  2 orcs
  4 bushes (Lair:6)
  9 fungi
  30 plants
45 creatures vanquished.

Grand Total: 872 creatures vanquished

Notes
Turn   | Place    | Note
-------+----------+-------------------------------------------
     0 | D:1      | Banto the Demonspawn Gladiator began the quest for the Orb.
     0 | D:1      | Reached XP level 1. HP: 16/16 MP: 1/1
   148 | D:1      | Reached skill level 3 in Polearms
   195 | D:1      | Gained mutation: You regenerate a little health from kills. [demonic ancestry]
   195 | D:1      | Reached XP level 2. HP: 22/22 MP: 2/2
   739 | D:2      | Gained mutation: You have large cloven feet. [demonic ancestry]
   739 | D:2      | Reached XP level 3. HP: 21/27 MP: 3/3
   954 | D:2      | Reached skill level 4 in Polearms
  1140 | D:2      | Reached XP level 4. HP: 33/33 MP: 4/4
  1370 | D:2      | Noticed Sigmund
  1395 | D:2      | Killed Sigmund
  1395 | D:2      | Reached skill level 6 in Polearms
  1395 | D:2      | Gained mutation: You have hoof-like feet. [demonic ancestry]
  1395 | D:2      | Reached XP level 5. HP: 37/38 MP: 5/5
  1697 | D:2      | Found a sparkling altar of Nemelex Xobeh.
  2164 | D:3      | Gained mutation: You are partially covered in slimy green scales. (AC +2) [demonic ancestry]
  2164 | D:3      | Reached XP level 6. HP: 42/44 MP: 6/6
  2433 | D:3      | Found a bloodstained altar of Trog.
  2552 | D:4      | Gained mutation: You possess an exceptional clarity of mind. [potion of mutation]
  2552 | D:4      | Gained mutation: You are agile. (Dex +2) [potion of mutation]
  2598 | D:4      | Found Xisyjire's Weapon Shoppe.
  2678 | D:4      | Got a sparkling marble ring
  2679 | D:4      | Identified the cursed ring "Liocri" {rC+ Str+5 Int-3 Dex-2 Stlth+} (You found it on level 4 of the Dungeon)
  2741 | D:4      | Noticed a slave
  2742 | D:4      | Noticed Pikel
  2743 | D:4      | Noticed a slave
  2743 | D:4      | Noticed a slave
  2744 | D:4      | Noticed a slave
  2780 | D:4      | Killed Pikel
  2780 | D:4      | Reached skill level 8 in Polearms
  2780 | D:4      | Gained mutation: A weak demonic guardian rushes to your aid. [demonic ancestry]
  2780 | D:4      | Reached XP level 7. HP: 47/50 MP: 7/7
  2950 | D:4      | Noticed Grinder
  2963 | D:4      | Killed Grinder
  3086 | D:5      | Entered Level 5 of the Dungeon
  3133 | D:5      | Found a stormy altar of Qazlal.
  3172 | D:5      | Found an iron altar of Okawaru.
  3188 | D:5      | Became a worshipper of Warmaster Okawaru
  3219 | D:5      | Reached skill level 9 in Polearms
  3219 | D:5      | Reached XP level 8. HP: 37/56 MP: 8/8
  3281 | D:5      | Noticed Blork the orc
  3293 | D:5      | Killed Blork the orc
  3301 | D:5      | Found a sand-covered staircase.
  3345 | Ossuary  | Entered an ossuary
  4008 | D:5      | Found a blossoming altar of Fedhas.
  4151 | D:6      | Reached * piety under Okawaru
  4151 | D:6      | Reached skill level 10 in Polearms
  5072 | D:6      | Reached skill level 11 in Polearms
  5105 | D:6      | Gained mutation: A demonic guardian rushes to your aid. [demonic ancestry]
  5105 | D:6      | Reached XP level 9. HP: 45/61 MP: 9/9
  5260 | D:6      | Reached ** piety under Okawaru
  5833 | D:7      | Reached skill level 12 in Polearms
  5974 | D:7      | Found a basalt altar of Yredelemnul.
  6177 | D:7      | Found a staircase to the Ecumenical Temple.
  6270 | D:7      | Found a glowing golden altar of the Shining One.
  6567 | D:8      | Reached *** piety under Okawaru
  6659 | D:8      | Found an opulent altar of Gozag.
  6661 | D:8      | Found a deep blue altar of Sif Muna.
  6745 | D:8      | Found a burning altar of Makhleb.
  6747 | D:8      | Found a shattered altar of Ashenzari.
  6748 | D:8      | Found a hazy altar of Hepliaklqana.
  6785 | D:8      | Noticed a two-headed ogre
  6792 | D:8      | Killed a two-headed ogre
  6792 | D:8      | Reached **** piety under Okawaru
  6792 | D:8      | Reached skill level 13 in Polearms
  6836 | D:8      | Gained mutation: You are mostly covered in slimy green scales. (AC +3) [demonic ancestry]
  6836 | D:8      | Reached XP level 10. HP: 59/67 MP: 10/10
  7261 | D:9      | Reached skill level 1 in Invocations
  8599 | D:9      | Reached ***** piety under Okawaru
  9464 | D:10     | Entered Level 10 of the Dungeon
  9464 | D:10     | Noticed a two-headed ogre
  9469 | D:10     | Noticed Grum
  9576 | D:9      | Killed Grum
  9710 | D:10     | Received a gift from Okawaru
  9804 | D:10     | Killed a two-headed ogre
  9804 | D:10     | Reached skill level 14 in Polearms
  9804 | D:10     | Reached skill level 5 in Invocations
 10119 | D:10     | Noticed dricus's ghost (novice SpEn)
 10129 | D:10     | Killed dricus's ghost
 10129 | D:10     | Received a gift from Okawaru
 10530 | D:10     | Reached XP level 11. HP: 49/72 MP: 16/16
 11195 | D:10     | Found a staircase to the Orcish Mines.
 11365 | D:10     | Noticed a vault guard
 11369 | D:10     | Killed a vault guard
 11369 | D:10     | Reached skill level 1 in Armour
 11429 | D:10     | Found a portal to a secret trove of treasure.
 11446 | Trove    | Entered a treasure trove
 11465 | Trove    | Got a dazzling cloak
 11475 | Trove    | Got a pair of heavily runed gloves
 11546 | D:10     | Identified the +1 cloak "Niadghev" {+Blink rF- Str+5} (You found it in a treasure trove)
 11556 | D:10     | Identified the +2 pair of gloves of Indemnity {*Drain rElec rN+ MR+ Dex+3} (You found it in a treasure trove)
 12020 | D:9      | Got a faintly humming scale mail
 12024 | D:9      | Found a staircase to the Lair.
 12234 | D:11     | Reached skill level 5 in Dodging
 12347 | D:11     | Identified the +2 scale mail of Vofephed {rN+} (You found it on level 9 of the Dungeon)
 12503 | D:11     | Noticed an unseen horror
 12513 | D:11     | Killed an unseen horror
 12513 | D:11     | Reached skill level 1 in Shields
 12530 | D:11     | Noticed a red ugly thing
 12536 | D:11     | Noticed a purple ugly thing
 12540 | D:11     | Killed a red ugly thing
 12556 | D:11     | Killed a purple ugly thing
 12805 | D:11     | Noticed a death knight
 12817 | D:11     | Killed a death knight
 12908 | D:11     | Reached skill level 5 in Armour
 13496 | D:12     | Noticed a white ugly thing
 13510 | D:12     | Killed a white ugly thing
 13550 | D:12     | Noticed a two-headed ogre
 13561 | D:12     | Killed a two-headed ogre
 13719 | D:12     | Noticed a two-headed ogre
 13749 | D:12     | Killed a two-headed ogre
 13749 | D:12     | Gained mutation: You regenerate health from kills. [demonic ancestry]
 13749 | D:12     | Reached XP level 12. HP: 36/78 MP: 17/17
 14037 | Lair:1   | Entered Level 1 of the Lair of Beasts
 15182 | Lair:2   | Identified a scroll of acquirement
 15388 | Lair:2   | Found a hole to the Spider Nest.
 15846 | Lair:2   | Found a staircase to the Shoals.
 16324 | Lair:3   | Received a gift from Okawaru
 17622 | Lair:5   | Noticed a death yak
 17624 | Lair:5   | Noticed a death yak
 17624 | Lair:5   | Noticed a death yak
 17626 | Lair:5   | Noticed a death yak
 17627 | Lair:5   | Noticed a death yak
 17629 | Lair:5   | Noticed a death yak
 17661 | Lair:5   | Killed a death yak
 17670 | Lair:5   | Killed a death yak
 17670 | Lair:5   | Reached XP level 13. HP: 70/83 MP: 18/18
 18226 | Lair:5   | Reached skill level 10 in Dodging
 18426 | Lair:5   | Found a staircase to the Slime Pits.
 18581 | Lair:6   | Entered Level 6 of the Lair of Beasts
 18642 | Lair:6   | Reached skill level 10 in Armour
 18835 | Lair:5   | Reached ****** piety under Okawaru
 19013 | Lair:5   | Reached skill level 5 in Fighting
 19331 | Lair:6   | Received a gift from Okawaru
 19659 | Lair:6   | Received a gift from Okawaru
 19660 | Lair:6   | Got a translucent scarf {god gift}
 19730 | Lair:6   | Reached XP level 14. HP: 105/109 MP: 19/19
 19841 | Lair:6   | Reached skill level 10 in Fighting
 19861 | Lair:6   | Identified the scarf of Okawaru's Wrath {Str+4} (Okawaru gifted it to you on level 6 of the Lair of Beasts)
 20684 | Orc:1    | Entered Level 1 of the Orcish Mines
 20698 | Orc:1    | Noticed an orc warlord
 20767 | D:10     | Killed an orc warlord
 20949 | Orc:1    | Found a shimmering altar of Xom.
 21321 | Orc:1    | Paralysed by an orc sorcerer for 3 turns
 21486 | Orc:2    | Entered Level 2 of the Orcish Mines
 21650 | Orc:2    | Found a staircase to the Elven Halls.
 21703 | Orc:2    | Found a frozen archway.
 21810 | IceCv    | Entered an ice cave
 21872 | IceCv    | Received a gift from Okawaru
 22036 | IceCv    | Reached skill level 5 in Throwing
 22132 | IceCv    | Found an ancient bone altar of Kikubaaqudgha.
 22929 | Orc:2    | Found Vut Qejo's Antique Weapon Shop.
 22929 | Orc:2    | Found Herph's Jewellery Shop.
 23137 | Orc:2    | Received a gift from Okawaru
 23319 | Orc:2    | Found Inidotist's General Store.
 23322 | Orc:2    | Found Ucwuci's Food Emporium.
 23350 | Orc:2    | Bought a cursed ring of loudness for 76 gold pieces
 23577 | D:13     | Received a gift from Okawaru
 23653 | D:13     | Found a blossoming altar of Fedhas.
 23918 | D:13     | Received a gift from Okawaru
 24062 | D:13     | Found a gate to the Vaults.
 24583 | D:14     | Noticed Agnes
 24605 | D:13     | Mangled by Agnes

Vault maps used:
D:1:      minmay_arrival_diagonal_passages, grunt_decor_arrowhead
D:2:      nemelex_xobeh_ov_fountains_minmay, uniq_sigmund
D:3:      lemuel_doored_altar, first_bread, serial_aquarium,
          aquarium_bridge_straight, aquarium_window_1, aquarium_window_fake,
          aquarium_window_corridor_3, aquarium_window_1, aquarium_view_2g,
          aquarium_balcony_1b
D:4:      serial_shops, kennysheep_mini_moat, uniq_pikel, uniq_grinder
D:5:      nicolae_qazlal_eye_of_the_storm, kennysheep_little_box,
          enter_ossuary_4, okawaru_trees_2, uniq_blork_the_orc
D:6:      kennysheep_housing_project, minmay_misc_feat_nine_boxes,
          hangedman_decor_riveting
D:7:      old_standard_altar, minmay_temple_entry_glassed_door,
          yredelemnul_altar_generic
D:8:      grunt_temple_overflow_open, the_bakery
D:9:      erik_lair_dragon
D:10:     erik_orc_2, enter_trove_5, uniq_grum
D:11:     minmay_pinched_square
D:13:     david_vaults_5, basic_altar
D:14:     lemuel_blue_sif_altar, uniq_nessos, uniq_urug, uniq_agnes
Lair:1:   serial_bayou_crossing, serial_bayou_shore_b, minmay_lair_oklob_chamber
Lair:2:   minmay_shoals_entry_lonely_mermaid, nicolae_spider_entry_non_spiders,
          serial_bayou_shore_a
Lair:3:   st_stairs_8
Lair:5:   dpeg_slime_entry_corner, lemuel_fruit_fields
Lair:6:   minmay_lair_end_frog_pond
Orc:1:    basic_altar, special_room
Orc:2:    st_orc_elflike, portal_ice_cave_rime
Trove:    trove_armour_1
Ossuary:  ossuary_tomb_1
IceCv:    ice_cave_small_necro

Skill      XL: |  1  2  3  4  5  6  7  8  9 10 11 12 13 14 |
---------------+-------------------------------------------+-----
Polearms       | 3 4 6 8 9 11 13 14 | 14.1
Invocations    | 6 7 |  7.0
Dodging        | 4 6 9 10 12 | 12.4
Armour         | 6 9 10 | 10.0
Shields        | 4 |  4.1
Fighting       | 9 10 | 10.0
Throwing       | 7 |  7.0

Action                   |  1- 3 |  4- 6 |  7- 9 | 10-12 | 13-15 || total
-------------------------+-------+-------+-------+-------+-------++-------
Melee: Trident           |   154 |   146 |   557 |  1521 |  2447 ||  4825
       Kick              |    19 |    31 |   183 |   143 |       ||   376
Throw: Throwing net      |       |     2 |       |     1 |       ||     3
       Javelin           |       |       |     6 |     7 |     1 ||    14
Invok: Heroism           |       |       |       |     1 |     2 ||     3
       Finesse           |       |       |       |       |     1 ||     1
Evoke: Wand              |       |       |     1 |     8 |       ||     9
       Sack of spiders   |       |       |       |     1 |       ||     1
       Lamp of fire      |       |       |       |       |     3 ||     3
  Use: Scroll            |       |     4 |    15 |    12 |     5 ||    36
       Potion            |       |     2 |       |       |       ||     2
 Stab: Sleeping          |     1 |       |     6 |    19 |     7 ||    33
       Distracted        |       |       |     2 |    14 |    11 ||    27
  Eat: Chunk             |     1 |     4 |    16 |    42 |    26 ||    89
       Fruit             |       |       |     1 |       |       ||     1
Armor: Leather armour    |    17 |       |     1 |    90 |       ||   108
       Ring mail         |    24 |    43 |   135 |       |       ||   202
       Skin              |       |    20 |       |       |       ||    20
       Robe              |       |       |       |   122 |   414 ||   536
Dodge: Dodged            |    88 |    55 |   218 |   504 |  1556 ||  2421
       Deflected         |       |       |       |     9 |     9 ||    18
Block: Buckler           |       |       |       |   219 |   643 ||   862

Table legend:
 A = Turns spent in this place as a percentage of turns spent in the entire game.
 B = Non-inter-level travel turns spent in this place as a percentage of non-inter-level travel turns spent in the entire game.
 C = Inter-level travel turns spent in this place as a percentage of turns spent in this place.
 D = Turns resting spent in this place as a percentage of non-inter-level travel turns spent in this place.
 E = Turns spent auto-exploring this place as a percentage of non-inter-level travel turns spent in this place.
 F = Non-inter-level travel turns spent in this place divided by the number of levels of this place that you've seen.
                   A       B       C       D       E      F
               +-------+-------+-------+-------+-------+----------------------
         Total | 100.0 | 100.0 |   0.4 |   1.5 |   6.3 | 413.8
       Dungeon |  53.6 |  53.5 |   0.6 |   2.4 |   7.4 | 395.1
          Lair |  26.4 |  26.5 |   0.3 |   0.4 |   7.0 | 456.5
  Orcish Mines |  10.8 |  10.8 |   0.4 |   0.2 |   3.6 | 560.5
         Trove |   0.6 |   0.6 |   0.0 |   0.0 |   0.0 |  67.0
       Ossuary |   2.4 |   2.4 |   0.0 |   1.6 |   0.8 | 247.0
      Ice Cave |   6.2 |   6.2 |   0.0 |   0.9 |   1.3 | 639.0
               +-------+-------+-------+-------+-------+----------------------

Table legend:
 A = Kills in this place as a percentage of kills in entire the game.
 B = Kills by you in this place as a percentage of kills by you in the entire game.
 C = Kills by friends in this place as a percentage of kills by friends in the entire game.
 D = Other kills in this place as a percentage of other kills in the entire game.
 E = Experience gained in this place as a percentage of experience gained in the entire game.
 F = Experience gained in this place divided by the number of levels of this place that you have seen.
                   A       B       C       D       E      F
               +-------+-------+-------+-------+-------+----------------------
         Total | 100.0 | 100.0 | 100.0 |  -nan | 100.0 | 4073.2
       Dungeon |  47.9 |  50.5 |  36.9 |  -nan |  35.5 | 2582.0
          Lair |  27.3 |  24.1 |  40.8 |  -nan |  44.3 | 7517.0
  Orcish Mines |  13.5 |  13.3 |  14.6 |  -nan |  13.9 | 7057.5
       Ossuary |   4.8 |   5.7 |   0.6 |  -nan |   0.2 | 196.0
      Ice Cave |   6.6 |   6.5 |   7.0 |  -nan |   6.2 | 6268.0
               +-------+-------+-------+-------+-------+----------------------
